 Dungeon Sprint DCSS version 0.31-a0-1511-g961fd35ebc (webtiles) character file.

Game seed: 13468819809569731737

5842 Groucho the Unseen (level 10, -3/45 HPs)
             Began as a Spriggan Enchanter on Dec 30, 2023.
             Was an Elder of Dithmenos.
             Succumbed to a death drake's dark miasma
             ... in the Dungeon (Sprint II: "The Violet Keep of Menkaure").
             The game lasted 00:08:05 (439 turns).

Groucho the Unseen (Spriggan Enchanter)              Turns: 439, Time: 00:08:05

Health: -3/45      AC:  2    Str:  4    XL:     10   Next: 51%
Magic:  25/25      EV: 19    Int: 22    God:    Dithmenos [****..]
Gold:   771        SH:  0    Dex: 15    Spells: 24/29 levels left

rFire   + . .        a - +1 dagger
rCold   . . .        (no shield)
rNeg    . . .        b - +0 robe
rPois   .            (helmet restricted)
rElec   .            (no cloak)
rCorr   .            (gloves unavailable)
SInv    +            (boots unavailable)
Will    +....        (no amulet)
Stlth   +++++++++    f - ring of flight
HPRegen 0.27/turn    j - ring of protection from fire
MPRegen 0.19/turn

%: no teleportation
@: lethally poisoned (-3 -> -32), flying, wreathed by umbra, very quick
A: very small, no large weapons, unfitting armour, see invisible, speed 3, frail
1
a: Renounce Religion, Shadow Step


You were in the Dungeon.
You worshipped Dithmenos.
Dithmenos was greatly pleased with you.
You visited 1 branch You collected 1306 gold pieces.
You spent 535 gold pieces at shops.

Inventory:

Hand Weapons
 a - a +1 dagger (weapon)
Armour
 b - a +0 robe (worn)
Jewellery
 f - a ring of flight (left hand)
 j - a ring of protection from fire (right hand)
Scrolls
 k - a scroll of amnesia {unknown}
Potions
 d - a potion of curing
 e - a potion of heal wounds
 g - 2 potions of magic
 h - a potion of berserk rage


   Skills:
 - Level 5.0 Fighting
 - Level 10.0 Short Blades
 - Level 5.0 Dodging
 - Level 15.0 Stealth
 - Level 10.0 Spellcasting
 * Level 12.1 Conjurations
 - Level 14.0 Hexes


You had 24 spell levels left.
You knew the following spells:

 Your Spells              Type           Power      Damage    Failure   Level
a - Ensorcelled Hibernat  Hex/Ice        82%        N/A       1%          2
b - Confusing Touch       Hex            64%        N/A       1%          3

Your spell library contained the following spells:

 Spells                   Type           Power      Damage    Failure   Level
 Dazzling Flash           Conj/Hex       100%       N/A       1%          3
 Tukima's Dance           Hex            64%        N/A       1%          3


Dungeon Overview and Level Annotations

Branches:
Dungeon (1/1)

Altars:
Cheibriados
Dithmenos
Elyvilon
Fedhas
Gozag
Hepliaklqana
Kikubaaqudgha
Makhleb
Nemelex Xobeh
Okawaru
Qazlal
Ru
Sif Muna
Trog
Uskayaw
Vehumet
Wu Jian
Xom
Yredelemnul
Zin
The Shining One
Jiyva
Lugonu

Shops:
D [:?:*=:==[=(!*!

Annotations:
D exclusions: oklob plant and orange crystal statue


Innate Abilities, Weirdness & Mutations

You are very small and have problems with some larger weapons.
You are too small for most types of armour.
You have supernaturally acute eyesight. (SInv)
You cover ground extremely quickly. (Speed+++)
You are frail. (-10% HP)


Message History

Marking area around an orange crystal statue as unsafe for travelling.
Unknown command.
A swamp drake comes into view.
A death drake comes into view.
Blink to where?
Press: ? - help, Dir - move target A death drake, a crystal guardian and a swamp drake come into view.
Found 3 bubbling yellow potions.
As you read the scroll of blinking, it crumbles to dust.
The helpless swamp drake fails to defend itself.
You stick the swamp drake like a pincushion!!!!
You kill the swamp drake!
Dithmenos accepts your kill.
Your Conjurations skill increases to level 12!
Unknown command.
The helpless swamp drake fails to defend itself.
You spit the swamp drake like a pig!!!!
You kill the swamp drake!
Dithmenos accepts your kill. The crystal guardian hits you.
The death drake hisses angrily.
You see here a swamp drake corpse.
You miss the death drake.
The death drake hisses angrily.
The death drake breathes miasma at you. The foul vapour misses you.
Unknown command.
Okay, then.
You are engulfed in dark miasma.
You are poisoned.
You feel sick.
The crystal guardian fires a crystalline bolt at you.
The crystal bolt burns you!! You resist.
You emit a cloud of dark smoke.
The crystal bolt burns you. You resist.
* * * LOW HITPOINT WARNING * * *
Unknown command.
You are engulfed in dark miasma.
You are lethally poisoned!
* * * LOW HITPOINT WARNING * * *
You die...

≈≈≈§ §≈≈§ # §8≈§§≈≈##++##
≈≈§§§≈##≈...### ≈≈§§
#)≈.....##
+#+++#####^...#k##
......#†.'.^..#9k#
#+##..#..####.#°°#
.#.##.####..'.##@#
.#÷÷#....#..#.^°####
...####..#####°°##)# ($[
#'###.##..#..'°.#††#▓?!$?$
#.##.#.#..#.†#..#††#▓!$!)[
.<.'.##'..####..##.#▓[![!!
#.##..##....###...##▓▓▓▓▓▓
#'###.##......~~~~~~~~~~~~
.#.####~~.....~#'########+


You could see 2 death drakes and a crystal guardian.

Vanquished Creatures
  A deep elf master archer (D)
  2 boulder beetles (D)
  A merfolk siren (D)
  2 cane toads (D)
  A yaktaur (D)
  3 polar bears (D)
  A hornet (D)
  3 wyverns (D)
  4 neqoxecs (D)
  Menkaure (D)
  2 swamp drakes (D)
  2 crocodiles (D)
  4 necrophages (D)
  A spectral bat (D)
  A spectral jackal (D)
29 creatures vanquished.

Notes
Turn   | Place    | Note
-------+----------+-------------------------------------------
     0 | D        | Groucho the Spriggan Enchanter began the quest for the Orb.
     0 | D        | Reached XP level 1. HP: 9/9 MP: 5/5
     5 | D        | Noticed a necrophage
     5 | D        | Noticed a necrophage
     5 | D        | Noticed a necrophage
     5 | D        | Noticed a necrophage
    10 | D        | Killed a necrophage
    11 | D        | Reached skill level 6 in Stealth
    11 | D        | Reached skill level 5 in Hexes
    11 | D        | Reached XP level 2. HP: 16/16 MP: 5/8
    11 | D        | Reached XP level 3. HP: 19/19 MP: 6/10
    13 | D        | Killed a necrophage
    14 | D        | Reached skill level 5 in Dodging
    14 | D        | Reached skill level 8 in Stealth
    14 | D        | Reached skill level 5 in Spellcasting
    14 | D        | Reached XP level 4. HP: 24/24 MP: 7/12
    14 | D        | Killed a necrophage
    15 | D        | Reached skill level 5 in Short Blades
    15 | D        | Reached skill level 10 in Stealth
    15 | D        | Reached XP level 5. HP: 29/29 MP: 7/13
    17 | D        | Reached skill level 5 in Fighting
    17 | D        | Reached skill level 12 in Stealth
    23 | D        | Noticed a neqoxec
    23 | D        | Noticed a neqoxec
    23 | D        | Noticed a neqoxec
    23 | D        | Noticed a neqoxec
    29 | D        | Killed a neqoxec
    30 | D        | Reached skill level 15 in Stealth
    30 | D        | Reached XP level 6. HP: 35/35 MP: 8/14
    39 | D        | Killed a neqoxec
    41 | D        | Killed a neqoxec
    42 | D        | Reached XP level 7. HP: 39/39 MP: 9/15
    45 | D        | Noticed Menkaure
    57 | D        | Learned a level 3 spell: Confusing Touch
    67 | D        | Killed Menkaure
    68 | D        | Reached skill level 10 in Hexes
    83 | D        | Noticed a boulder beetle
    83 | D        | Noticed a boulder beetle
    88 | D        | Learned a level 2 spell: Ensorcelled Hibernation
    90 | D        | Noticed a merfolk siren
    93 | D        | Killed a merfolk siren
    94 | D        | Reached skill level 10 in Short Blades
    94 | D        | Reached XP level 8. HP: 30/43 MP: 9/16
   101 | D        | Killed a boulder beetle
   109 | D        | Killed a boulder beetle
   110 | D        | Reached skill level 5 in Conjurations
   110 | D        | Reached XP level 9. HP: 36/47 MP: 11/22
   117 | D        | Found Peteboemm's Distillery.
   117 | D        | Found Pimim's Antique Weapon Shoppe.
   117 | D        | Found Mefa Upalo's Assorted Antiques.
   117 | D        | Found Colisof's Jewellery Emporium.
   118 | D        | Found Oloejek's Distillery.
   118 | D        | Found Plog's Jewellery Shoppe.
   118 | D        | Found Pomyfeaw's Jewellery Shoppe.
   119 | D        | Found Loogoem's Jewellery Shoppe.
   119 | D        | Found Kimontap's Antique Armour Emporium.
   119 | D        | Found Ywkimunk's Book Emporium.
   119 | D        | Found Tiyfinof's Assorted Antiques.
   119 | D        | Noticed a manticore
   122 | D        | Found Kily's Book Shoppe.
   122 | D        | Found Kesun's Magic Scroll Emporium.
   122 | D        | Noticed a manticore
   122 | D        | Noticed a manticore
   122 | D        | Noticed an oklob plant
   123 | D        | Found Kajong's Antique Armour Shoppe.
   123 | D        | Found Xinlyra's Book Shoppe.
   124 | D        | Noticed a shining eye
   124 | D        | Noticed a shining eye
   125 | D        | Noticed a shining eye
   130 | D        | Noticed an ice dragon
   178 | D        | Bought a ring of flight for 210 gold pieces
   179 | D        | Bought a ring of protection from fire for 325 gold pieces
   216 | D        | Found a snail-covered altar of Cheibriados.
   217 | D        | Found a shadowy altar of Dithmenos.
   218 | D        | Found a white marble altar of Elyvilon.
   218 | D        | Found an ancient bone altar of Kikubaaqudgha.
   218 | D        | Found a viscous altar of Jiyva.
   219 | D        | Found a blossoming altar of Fedhas.
   219 | D        | Found a corrupted altar of Lugonu.
   219 | D        | Found a shimmering blue altar of Sif Muna.
   221 | D        | Found an opulent altar of Gozag.
   221 | D        | Found a burning altar of Makhleb.
   221 | D        | Found a bloodstained altar of Trog.
   222 | D        | Gained mutation: You are frail. (-10% HP) [a neqoxec]
   226 | D        | Found a sparkling altar of Nemelex Xobeh.
   226 | D        | Found a hide-covered altar of Uskayaw.
   226 | D        | Found a basalt altar of Yredelemnul.
   230 | D        | Found an iron altar of Okawaru.
   230 | D        | Found a radiant altar of Vehumet.
   230 | D        | Found a glowing silver altar of Zin.
   230 | D        | Found a hazy altar of Hepliaklqana.
   230 | D        | Found a sacrificial altar of Ru.
   230 | D        | Found a shimmering altar of Xom.
   232 | D        | Found a stormy altar of Qazlal.
   232 | D        | Found an ornate altar of the Wu Jian Council.
   232 | D        | Found a glowing golden altar of the Shining One.
   242 | D        | Became a worshipper of Dithmenos the Shadowed
   257 | D        | Reached skill level 10 in Spellcasting
   260 | D        | Reached * piety under Dithmenos
   292 | D        | Noticed a deep elf master archer
   298 | D        | Killed a deep elf master archer
   298 | D        | Reached ** piety under Dithmenos
   299 | D        | Reached XP level 10. HP: 31/45 MP: 14/25
   305 | D        | Noticed a cane toad
   305 | D        | Noticed a cane toad
   307 | D        | Killed a cane toad
   308 | D        | Reached skill level 10 in Conjurations
   309 | D        | Killed a cane toad
   332 | D        | Reached *** piety under Dithmenos
   360 | D        | Identified the +1 hand axe of Qazlal's Outrage {pain, rElec
                  | rF- rC++ Dex+3}
   369 | D        | Noticed an ice statue
   412 | D        | Reached **** piety under Dithmenos
   415 | D        | Noticed an orange crystal statue
   432 | D        | Noticed a death drake
   433 | D        | Noticed a death drake
   433 | D        | Noticed a crystal guardian
   439 | D        | Succumbed to a death drake's dark miasma

Illustrated notes

Levels and vault maps discovered:
D:        the_violet_keep_of_menkaure [sprint2_stairs_cluster_1,
          sprint2_shoproom, sprint2_temple, sprint2_basic_supplies,
          sprint2_obstacle_2, sprint2_obstacle_1, sprint2_obstacle_4,
          sprint2_obstacle_6, sprint2_obstacle_7, sprint2_timed_cluster_1,
          sprint2_smallroom_cluster_1, sprint2_smallroom_final_cluster_1,
          sprint2_transparent_cluster_1, sprint2_second_timed_cluster_1,
          sprint2_sniper_area_1, sprint2_heavy_combat_area_1,
          sprint2_mutation_trap_area_1, sprint2_forest_area_1,
          sprint2_light_combat_area_1, sprint2_behind_water_1,
          sprint2_near_end_vault_1]

Skill      XL: |  1  2  3  4  5  6  7  8  9 10 |
---------------+-------------------------------+-----
Fighting       | 2 3 4 5 |  5.0
Short Blades   | 3 4 5 8 10 | 10.0
Dodging        | 4 5 |  5.0
Stealth        | 6 8 10 15 | 15.0
Spellcasting   | 4 5 8 10 | 10.0
Hexes          | 5 8 11 14 | 14.0
Conjurations   | 5 9 12 | 12.1

Action                     |  1- 3 |  4- 6 |  7- 9 | 10-12 || total
---------------------------+-------+-------+-------+-------++-------
  Melee: Dagger            |     4 |    20 |    44 |    11 ||    79
   Cast: Confusing Touch   |       |       |     2 |       ||     2
         Ensorcelled Hiber |       |       |     5 |       ||     5
    Use: Potion            |     2 |       |     1 |       ||     3
         Scroll            |       |       |       |     1 ||     1
   Stab: Sleeping          |     2 |     1 |     6 |    10 ||    19
         Invisible         |     1 |     6 |     3 |       ||    10
         Confused          |       |       |     1 |       ||     1
 Armour: Robe              |       |       |     7 |     3 ||    10
  Dodge: Dodged            |     2 |     9 |    16 |     1 ||    28

Table legend: (Time is in decaauts)
 A = Elapsed time spent in this place.
 B = Non-inter-level travel time spent in this place.
 C = Inter-level travel time spent in this place.
 D = Time resting spent in this place.
 E = Time spent auto-exploring this place.
 F = Levels seen in this place.
 G = Mean time per level.
                   A        B        C        D        E       F      G
               +--------+--------+--------+--------+--------+-----+--------+
         Total |    263 |    259 |      4 |      0 |      0 |   1 |  263.0 |
       Dungeon |    263 |    259 |      4 |      0 |      0 |   1 |  263.0 |
               +--------+--------+--------+--------+--------+-----+--------+

Top non-repeatable levels by time:
       D: 263 daAuts
